 Dungeon Crawl Stone Soup version 0.32-a0-128-g77eb882913 (webtiles) character file.

Game seed: 142443689593801137

11056 BubbleThief the Mimic (level 11, -2/95 HPs)
             Began as a Merfolk Shapeshifter on Feb 8, 2024.
             Was an Elder of Wu Jian.
             Slain by a blink frog (5 damage)
             ... on level 1 of the Lair of Beasts.
             The game lasted 00:19:14 (10285 turns).

BubbleThief the Mimic (Merfolk Shapeshifter)       Turns: 10285, Time: 00:19:14

Health: -2/95      AC:  9    Str: 18    XL:     11   Next: 71%
Magic:  11/11      EV: 12    Int: 10    God:    Wu Jian [****..]
Gold:   108        SH:  0    Dex: 14    Spells: 10/10 levels left

rFire   . .          .
                       - Unarmed
rCold   . . .        (no shield)
rNeg    . . .        o - melded +3 leather armour
rPois   .            f - +1 helmet
rElec   .            I - +2 cloak
rCorr   .            y - +2 pair of gloves
SInv    .            q - +0 pair of boots
Will    ++...        w - amulet of the acrobat
Stlth   +            e - ring of willpower
HPRegen 0.35/turn    t - ring of willpower
MPRegen 0.12/turn

%: acrobat
@: maw-form, serpent's lash
A: devouring maw, (nimble swimmer 2), mertail
a: Begin Untransformation, Renounce Religion, Wall Jump, Serpent's Lash


You were on level 1 of the Lair of Beasts.
You worshipped Wu Jian.
Wu Jian was greatly pleased with you.
You were a creature with a mouth for a stomach.
You visited 3 branches of the dungeon, and saw 12 of its levels.
You also visited: Ossuary.

You collected 468 gold pieces.
You spent 360 gold pieces at shops.

Inventory:

Armour
 f - a +1 helmet (worn)
 o - a +3 leather armour (melded)
 q - a +0 pair of boots (worn)
 y - a +2 pair of gloves (worn)
 I - a +2 cloak (worn)
Jewellery
 e - a ring of willpower (left hand)
 t - a ring of willpower (right hand)
 w - an amulet of the acrobat (around neck)
 H - a ring of positive energy
 L - a ring of fire
 N - a ring of poison resistance
 Q - a ring of positive energy
Talismans
 c - a beast talisman
 d - a flux talisman
 v - a maw talisman (active)
Wands
 a - a wand of flame (36)
 K - a wand of roots (18)
 M - a wand of mindburst (19)
 O - a wand of polymorph (8)
Scrolls
 g - a scroll of fear
 h - 2 scrolls of poison
 p - a scroll of enchant armour
 r - a scroll of identify
 s - 2 scrolls of amnesia
 x - a scroll of fog
 C - 6 scrolls of teleportation
Potions
 b - 2 potions of lignification
 i - 3 potions of enlightenment
 j - 2 potions of brilliance
 k - a potion of might
 l - a potion of mutation
 m - 3 potions of curing {unknown}
 n - a potion of magic {unknown}
 u - a potion of degeneration {unknown}
 z - 4 potions of heal wounds {unknown}
 A - 5 potions of attraction
 D - a potion of ambrosia {unknown}
 E - a potion of berserk rage {unknown}
 J - a potion of resistance {unknown}


   Skills:
 + Level 11.7 Fighting
 - Level 2.6 Dodging
 + Level 11.9 Unarmed Combat
 + Level 13.1 Shapeshifting


You had 10 spell levels left.
You didn't know any spells.
Your spell library contained the following spells:

 Spells                   Type           Power      Damage    Failure   Level
 Magic Dart               Conj           0%         1d3       36%         1
 Blink                    Tloc           0%         N/A       50%         2
 Call Imp                 Summ           0%         N/A       50%         2


Dungeon Overview and Level Annotations

Branches:
Dungeon (10/15)            Temple (1/1) D:4            Lair (1/5) D:8
    Orc (0/2) D:9         Ossuary (visited)

Altars:
Ashenzari
Cheibriados
Dithmenos
Elyvilon
Fedhas
Gozag
Hepliaklqana
Kikubaaqudgha
Makhleb
Nemelex Xobeh
Okawaru
Qazlal
Ru
Sif Muna
Trog
Uskayaw
Vehumet
Wu Jian
Zin
The Shining One

Shops:
D:1 (   D:3 =   D:4 (:=

Portals:
Trove: D:10 (show abyssal rune of Zot)

Annotations:
D:9 exclusion: 3 oklob plants


Innate Abilities, Weirdness & Mutations

You are a creature with a mouth for a stomach.
Your midsection houses a second, enormous mouth.
((You are very nimble when in or above water. (Stealth+, EV+, Speed+++)))
Your lower body shifts to a powerful aquatic tail in water.


Message History

The bullfrog barely misses you.
Unknown command.
You hit the swamp dragon but do no damage.
You bite the swamp dragon, but do no damage.
The swamp dragon is moderately wounded.
The blink frog hits you but does no damage.
The swamp dragon bites you.
The swamp dragon claws you but does no damage.
The swamp dragon tramples you.
You stumble backwards!
You barely miss the swamp dragon.
The swamp dragon is moderately wounded.
The blink frog blinks!
The bullfrog barely misses you.
The blink frog blinks!
The swamp dragon closely misses you.
The swamp dragon claws you but does no damage.
The swamp dragon closely misses you.
Unknown command.
You hit the swamp dragon but do no damage.
The swamp dragon is moderately wounded.
The bullfrog hits you but does no damage.
The blink frog hits you but does no damage.
The swamp dragon bites you! The swamp dragon closely misses you.
The swamp dragon tramples you.
You stumble backwards!
Unknown command.
You barely miss the swamp dragon. You bite the swamp dragon.
The swamp dragon is moderately wounded.
The blink frog blinks!
The blink frog misses you. The blink frog hits you!
* * * LOW HITPOINT WARNING * * *
The blink frog blinks!
The swamp dragon barely misses you. The swamp dragon misses you.
The swamp dragon tramples you!
* * * LOW HITPOINT WARNING * * *
You stumble backwards!
You punch the swamp dragon! You bite the swamp dragon.
The swamp dragon is heavily wounded.
The blink frog blinks!
The blink frog hits you!
* * * LOW HITPOINT WARNING * * *
Unknown command.
You pummel the swamp dragon!!
The swamp dragon is almost dead.
The blink frog hits you.
You die...

.###..# #.....
#######.... .##.
.......... ..#...
≈≈≈≈≈≈...# .#.F..
#≈≈...##......
#≈.<.........
.≈####≈...........
.≈§≈≈≈≈..WF.......
.....§..FD§.......
.........F§.......
###..#.#..........
#.....##.........
#...... ##........
..###.. #........
.# ..# .#....... .
.......


You could see a swamp dragon, 3 blink frogs and a bullfrog.

Vanquished Creatures
  3 death yaks (D:8)
  Pikel (D:6)
  A cyclops (D:9)
  A cane toad (Lair:1)
  A kobold demonologist (D:9)
  Jeremiah (D:6)
  A komodo dragon (D:8)
  Psyche (D:8)
  Grinder (D:6)
  Eustachio (D:6)
  13 yaks
  2 wyverns (D:9)
  2 steam dragons
  2 water moccasins
  An acid dragon (D:9)
  6 orc warriors
  A black bear (D:5)
  2 ogres (D:5)
  3 centaurs
  A phantom (D:4)
  A kobold brigand (D:7)
  Blork the orc (D:6)
  9 bullfrogs
  A gnoll sergeant (D:8)
  3 scorpions
  6 wights
  6 killer bees (D:9)
  3 howler monkeys (D:7)
  A bombardier beetle (D:5)
  5 hounds
  A jelly (D:5)
  A spectral scorpion (Ossuary)
  3 centaur skeletons (Ossuary)
  4 orc priests
  Crazy Yiuf (D:6)
  A gnoll bouda (D:7)
  An iguana (D:6)
  A sleepcap (D:5)
  9 orc wizards
  A hell rat (D:8)
  A crocodile zombie (Ossuary)
  8 mummies
  8 gnolls
  7 adders
  A river rat (D:8)
  A shadow imp (D:7)
  A white imp (D:6)
  A ribbon worm (D:2)
  3 dart slugs
  44 orcs
  11 endoplasms
  5 giant cockroaches
  12 goblins
  4 hobgoblins
  4 jackals (D:4)
  3 quokkas (D:2)
  9 ball pythons
  7 bats
  4 frilled lizards
  2 gnoll skeletons (Ossuary)
  9 kobolds
  A kobold skeleton (Ossuary)
  2 orc skeletons (Ossuary)
  9 rats
  10 spectral rats (Ossuary)
271 creatures vanquished.

Vanquished Creatures (others)
  A golden eye (D:9)
  An orc wizard (D:9)
2 creatures vanquished.

Grand Total: 273 creatures vanquished

Notes
Turn   | Place    | Note
-------+----------+-------------------------------------------
     0 | D:1      | BubbleThief the Merfolk Shapeshifter began the quest for
                  | the Orb.
     0 | D:1      | Reached XP level 1. HP: 15/15 MP: 1/1
   103 | D:1      | Reached XP level 2. HP: 21/21 MP: 2/2
   204 | D:1      | Found Yssiats's Weapon Shop.
   438 | D:1      | Reached XP level 3. HP: 27/27 MP: 3/3
   840 | D:2      | Found a broken altar of Ashenzari.
  1207 | D:2      | Reached XP level 4. HP: 34/34 MP: 4/4
  1721 | D:3      | Found Vahupnoa's One-of-a-Kind Rings.
  2271 | D:3      | Reached skill level 5 in Shapeshifting
  2614 | D:4      | Found Sediog's Jewellery Boutique.
  2614 | D:4      | Found Inni's Book Boutique.
  2614 | D:4      | Found Odoefa's Antique Weapon Boutique.
  2691 | D:4      | Reached XP level 5. HP: 35/41 MP: 5/5
  2803 | D:4      | Found a staircase to the Ecumenical Temple.
  2813 | Temple   | Entered the Ecumenical Temple
  2824 | Temple   | Became a worshipper of the Wu Jian Council
  2943 | D:4      | Identified the +5 dagger "Rivoi" {spect, Int+3}
  3430 | D:5      | Entered Level 5 of the Dungeon
  3475 | D:5      | Noticed an ogre
  3476 | D:5      | Reached XP level 6. HP: 48/48 MP: 6/6
  3493 | D:4      | Reached skill level 5 in Unarmed Combat
  3508 | D:5      | Reached skill level 6 in Shapeshifting
  3549 | D:5      | Found a sand-covered staircase.
  3557 | D:5      | Reached XP level 7. HP: 24/55 MP: 7/7
  3660 | Ossuary  | Entered an ossuary
  3752 | Ossuary  | Reached skill level 5 in Fighting
  3803 | Ossuary  | Found a basalt altar of Yredelemnul.
  3809 | Ossuary  | Reached * piety under Wu Jian
  3918 | Ossuary  | Reached skill level 7 in Shapeshifting
  4199 | D:5      | Reached XP level 8. HP: 48/64 MP: 8/8
  4706 | D:6      | Noticed Grinder
  4730 | D:6      | Killed Grinder
  4731 | D:6      | Reached skill level 8 in Shapeshifting
  4733 | D:6      | Reached ** piety under Wu Jian
  4873 | D:6      | Noticed Pikel
  4882 | D:6      | Killed Pikel
  4883 | D:6      | Reached skill level 9 in Shapeshifting
  4883 | D:6      | Reached XP level 9. HP: 53/73 MP: 9/9
  4950 | D:6      | Identified the +6 whip "Yxuagi" {elec, rC+}
  5116 | D:6      | Noticed Jeremiah
  5144 | D:6      | Found a runed translucent door.
  5145 | D:6      | Noticed Crazy Yiuf
  5153 | D:6      | Killed Crazy Yiuf
  5189 | D:6      | Killed Jeremiah
  5406 | D:6      | Noticed Eustachio
  5422 | D:6      | Killed Eustachio
  5921 | D:6      | Noticed Blork the orc
  5922 | D:6      | Found a faded altar of an unknown god.
  5924 | D:6      | Found a hazy altar of Hepliaklqana.
  5928 | D:6      | Killed Blork the orc
  6076 | D:7      | Reached skill level 10 in Shapeshifting
  6283 | D:7      | Reached XP level 10. HP: 66/82 MP: 10/10
  6828 | D:8      | Found an ancient bone altar of Kikubaaqudgha.
  6829 | D:8      | Found a snail-covered altar of Cheibriados.
  6830 | D:8      | Found a blossoming altar of Fedhas.
  6846 | D:8      | Noticed Psyche
  6850 | D:8      | Noticed a death yak
  7203 | D:7      | Reached *** piety under Wu Jian
  7207 | D:7      | Reached skill level 10 in Unarmed Combat
  7207 | D:7      | Reached skill level 11 in Shapeshifting
  7526 | D:8      | Killed Psyche
  7577 | D:8      | Noticed a death yak
  7707 | D:8      | Noticed a death yak
  7745 | D:9      | Reached skill level 10 in Fighting
  7876 | D:9      | Found a staircase to the Orcish Mines.
  8209 | D:9      | Noticed a kobold demonologist
  8213 | D:9      | Killed a kobold demonologist
  8228 | D:10     | Entered Level 10 of the Dungeon
  8324 | D:10     | Found a portal to a secret trove of treasure.
  8379 | D:9      | Reached XP level 11. HP: 69/92 MP: 11/11
  8513 | D:9      | Noticed an oklob plant
  8520 | D:9      | Found a radiant altar of Vehumet.
  8533 | D:9      | Noticed a cyclops
  8550 | D:9      | Reached skill level 12 in Shapeshifting
  8554 | D:9      | Killed a cyclops
  8677 | D:9      | Reached **** piety under Wu Jian
  8875 | D:9      | Noticed an oklob plant
  8882 | D:9      | Noticed an oklob plant
  9656 | D:8      | Found a sparkling altar of Nemelex Xobeh.
  9718 | D:8      | Killed a death yak
  9726 | D:8      | Killed a death yak
  9734 | D:8      | Killed a death yak
  9735 | D:8      | Reached skill level 13 in Shapeshifting
  9862 | D:8      | Found a staircase to the Lair.
 10004 | D:8      | Found an opulent altar of Gozag.
 10154 | D:4      | Bought a maw talisman for 360 gold pieces
 10257 | Lair:1   | Entered Level 1 of the Lair of Beasts
 10270 | Lair:1   | Noticed a swamp dragon
 10284 | Lair:1   | HP: 3/95 [blink frog (9)]
 10285 | Lair:1   | Slain by a blink frog

Illustrated notes

Levels and vault maps discovered:
D:1:      wander_arrival_fairy_ring, layout_basic, serial_shops, shop,
          minmay_pentomino_u4
D:2:      layout_basic, basic_altar
D:3:      layout_loops_ring, minmay_parallelograms, nicolae_shop_unique_rings,
          kennysheep_pointless_box
D:4:      layout_loops_ring, minmay_temple_entry_mini_moons,
          nicolae_shop_distant_corner_stores
D:5:      layout_rooms, gup_ossuary_entry_pyramid,
          serial_library_hellmonk_layered_room, corexii_leaking_fountain
D:6:      layout_loops_cross, beargit_hepliaklqana_dungeon_heroes,
          uniq_jeremiah, uniq_crazy_yiuf_cottage, uniq_eustachio, uniq_pikel,
          uniq_grinder
D:7:      layout_rooms
D:8:      layout_rooms, grunt_temple_overflow_open,
          nemelex_xobeh_ov_fountains_minmay, lemuel_round_altar,
          dpeg_lair_monsters, uniq_psyche
D:9:      layout_cave_pools, mainiacjoe_overflow_small_starburst, david_orc_5,
          disabler_island
D:10:     layout_roguey, mainiacjoe_overflow_concentric_impassable,
          dk_yredelemnul_ordeal, enter_trove_2, serial_aquarium,
          aquarium_bridge_square [aquarium_subvault_wall,
          aquarium_subvault_wall, aquarium_subvault_bridge,
          aquarium_subvault_bridge], aquarium_window_fake,
          aquarium_window_corridor_3, aquarium_window_fake, aquarium_view_2a,
          aquarium_view_2f, aquarium_pool_corner, uniq_josephine
Temple:   hellmonk_temple_forest_ring
Lair:1:   layout_gridlike, eino_small_chamber_without_monster, pond,
          lemuel_fruit_tree, grunt_megastairs_2

Skill      XL: |  1  2  3  4  5  6  7  8  9 10 11 |
---------------+----------------------------------+-----
Fighting       | 2 3 4 5 7 8 10 11 | 11.7
Unarmed Combat | 4 5 6 8 9 10 11 | 11.9
Shapeshifting  | 5 6 7 9 10 11 13 | 13.1
Dodging        | |  2.6

Action                     |  1- 3 |  4- 6 |  7- 9 | 10-12 || total
---------------------------+-------+-------+-------+-------++-------
  Melee: Unarmed           |   117 |   155 |   346 |   385 ||  1003
         Punch             |     1 |     8 |       |       ||     9
         Maw               |       |       |       |     7 ||     7
 Invoke: Serpent's Lash    |       |       |       |     3 ||     3
Ability: Lunge             |       |     5 |    21 |    21 ||    47
         Whirlwind         |       |       |     8 |     4 ||    12
  Evoke: Wand              |       |       |       |     1 ||     1
    Use: Scroll            |       |     3 |     1 |    15 ||    19
   Stab: Sleeping          |     1 |       |       |       ||     1
 Armour: Animal skin       |    65 |    14 |       |       ||    79
         Leather armour    |       |    67 |       |       ||    67
         Skin              |       |       |   111 |   231 ||   342
  Dodge: Dodged            |    62 |   123 |   204 |   255 ||   644
   Form: Flux              |       |       |     1 |       ||     1
         Maw               |       |       |       |     1 ||     1

Table legend: (Time is in decaauts)
 A = Elapsed time spent in this place.
 B = Non-inter-level travel time spent in this place.
 C = Inter-level travel time spent in this place.
 D = Time resting spent in this place.
 E = Time spent auto-exploring this place.
 F = Levels seen in this place.
 G = Mean time per level.
                   A        B        C        D        E       F      G
               +--------+--------+--------+--------+--------+-----+--------+
         Total |  10150 |   9351 |    799 |    620 |   6670 |  13 |  780.8 |
       Dungeon |   9619 |   8830 |    789 |    614 |   6368 |  10 |  961.9 |
        Temple |     22 |     12 |     10 |      0 |      0 |   1 |   22.0 |
          Lair |     23 |     23 |      0 |      0 |      0 |   1 |   23.0 |
       Ossuary |    484 |    484 |      0 |      6 |    302 |   1 |  484.0 |
               +--------+--------+--------+--------+--------+-----+--------+

Top non-repeatable levels by time:
     D:9: 1594 daAuts
     D:6: 1402 daAuts
     D:7: 1116 daAuts
     D:3: 1043 daAuts
     D:8: 1007 daAuts
     D:5: 909 daAuts
     D:4: 825 daAuts
     D:2: 811 daAuts
     D:1: 790 daAuts
 Ossuary: 484 daAuts
    D:10: 119 daAuts
  Lair:1: 23 daAuts
  Temple: 22 daAuts
